 Dungeon Crawl Stone Soup version 0.27-a0-1347-gd8886f0a89 (webtiles) character file.

Game seed: 3382991543515809181

40852 dickylongcocking the Fighter (level 14, -5/112 HPs)
             Began as a Djinni Fire Elementalist on June 27, 2021.
             Was a High Priest of Makhleb.
             Slain by a black mamba (14 damage)
             ... on level 6 of the Lair of Beasts.
             The game lasted 00:28:00 (26544 turns).

dickylongcocking the Fighter (DjFE)                Turns: 26544, Time: 00:28:00

Health: -5/112     AC:  6    Str:  7    XL:     14   Next: 47%
Gold:   977        EV: 20    Int: 21    God:    Makhleb [*****.] SH:  0 Dex: 15

rFire    + . .     SeeInvis .   U - staff of cold
rCold    + + .     Faith    .   (no shield)
rNeg     . . .     Spirit   .   J - +2 robe {rC+}
rPois    ∞         Reflect  .   (no helmet)
rElec    .         Harm     .   L - +0 cloak
rCorr    .         Rampage  .   i - +0 pair of gloves
Will     +....                  (boots unavailable)
Stlth    ++........             (no amulet)
HPRegen  0.28/turn              f - +4 ring of evasion
MPRegen  0.00/turn              I - ring of ice

@: flying
A: sickness immunity, fire resistance 2, cold vulnerability 1, float, innate
caster, hp casting, extra vitality 1
a: Renounce Religion, Minor Destruction, Lesser Servant of Makhleb, Major
Destruction, Greater Servant of Makhleb


You were on level 6 of the Lair of Beasts.
You worshipped Makhleb.
Makhleb was extremely pleased with you.
You visited 2 branches of the dungeon, and saw 16 of its levels.

You collected 977 gold pieces.

Inventory:

Hand Weapons
 j - a +0 spear
 s - a +3 falchion of freezing
 w - the +7 flail of Inolat {venom, *Noise rCorr Str+5 Dex+4}
   (You found it on level 5 of the Dungeon)

   It poisons the flesh of those it strikes.
   Str:       It affects your strength (+5).
   Dex:       It affects your dexterity (+4).
   *Noise:    It may make noises in combat.
   rCorr:     It protects you from acid and corrosion.
Missiles
 p - 2 curare-tipped darts
 v - 416 stones
 A - 2 throwing nets
Armour
 a - a +0 robe
 i - a +0 pair of gloves (worn)
 J - a +2 robe of cold resistance (worn)
 L - a +0 cloak (worn)
 Y - the +5 tower shield of the Gloaming {rF+}
   (You found it on level 5 of the Lair of Beasts)

   rF:        It protects you from fire.
Magical Staves
 S - a staff of air
 U - a staff of cold (weapon)
Jewellery
 f - a +4 ring of evasion (left hand)
 q - a ring of willpower
 I - a ring of ice (right hand)
 M - the necklace of Bloodlust {*Rage +Rage Will++ Int-3 Slay+6}
   (You found it on level 1 of the Lair of Beasts)

   [amulet of nothing]

   Int:       It affects your intelligence (-3).
   Slay:      It affects your accuracy & damage with ranged weapons and melee
   (+6).
   +Rage:     It lets you go berserk.
   *Rage:     It may make you go berserk in combat.
   Will:      It greatly increases your willpower.
 N - an amulet of the acrobat
 Q - an amulet of guardian spirit
Wands
 C - a wand of iceblast (18)
 D - a wand of paralysis (21)
 F - a wand of mindburst (24)
 P - a wand of acid (5)
Scrolls
 b - 2 scrolls of silence {unknown}
 d - 3 scrolls of magic mapping {unknown}
 h - 7 scrolls of teleportation
 l - 4 scrolls of enchant weapon {unknown}
 m - a scroll of fear {unknown}
 o - 3 scrolls of brand weapon
 x - 2 scrolls of fog {unknown}
 y - 5 scrolls of enchant armour {unknown}
 H - a scroll of vulnerability
 O - a scroll of acquirement {unknown}
 R - 2 scrolls of identify
 V - a scroll of amnesia {unknown}
 W - a scroll of summoning {unknown}
Potions
 g - a potion of brilliance
 k - 2 potions of mutation
 n - a potion of might
 r - 3 potions of resistance
 t - a potion of cancellation
 u - a potion of degeneration {unknown}
 z - 3 potions of heal wounds {unknown}
 B - 2 potions of attraction {unknown}
 E - 3 potions of haste {unknown}
 G - 2 potions of invisibility {unknown}
 K - a potion of experience {unknown}
 T - 9 potions of ambrosia
 X - a potion of magic {unknown}
Miscellaneous
 c - a box of beasts


   Skills:
 * Level 14.9 Fighting
 - Level 0.1 Polearms
 * Level 8.8 Dodging
 - Level 2.3 Stealth
 * Level 12.5 Spellcasting
 * Level 4.4 Evocations


You had 3 spell levels left.
You knew the following spells:

 Your Spells              Type           Power      Damage    Failure   Level
a - Foxfire               Conj/Fire      100%       2x1d9     1%          1
b - Conjure Flame         Conj/Fire      60%        6-21      1%          3
c - Inner Flame           Hex/Fire       60%        N/A       1%          3
d - Sticky Flame          Conj/Fire      60%        2d8       1%          4
e - Fireball              Conj/Fire      30%        3d13      1%          5
f - Frozen Ramparts       Ice            100%       1d12      1%          3
g - Wereblood             Tmut           60%        N/A       1%          2
h - Sandblast             Erth           100%       2d20      1%          1
i - Lesser Beckoning      Tloc           30%        N/A       1%          3
j - Manifold Assault      Tloc           60%        N/A       1%          5
z - Iskenderun's Battles  Conj           60%        2d11      1%          5
Your spell library was empty.

Dungeon Overview and Level Annotations

Branches:
Dungeon (10/15)              Lair (6/6) D:10          Swamp (0/4) Lair:4
 Spider (0/4) Lair:2        Slime (0/5) Lair:5
 Temple: D:4-7          Orc: D:9-12

Altars:
Cheibriados
Dithmenos
Gozag
Kikubaaqudgha
Makhleb
Nemelex Xobeh
Okawaru
Qazlal
Sif Muna
Uskayaw
Vehumet
Wu Jian
Xom
Yredelemnul
Zin

Annotations:
Lair:3 jasper's ghost, journeyman DjWz


Innate Abilities, Weirdness & Mutations

You are immune to sickness and miasma.
You are immune to poison.
Your flesh is very heat resistant. (rF++)
You are vulnerable to cold. (rC-)
You float through the air rather than walking.
You learn spells naturally, not from books.
Your magical power is your life essence.
You have superior vitality. (+4 HP)


Message History

Unknown command.
Unknown command.
Unknown command.
Casting: Fireball (mildly dangerous; 1% risk of failure)
Confirm with . or Enter, or press ? or * to list all spells.
You don't have enough health to cast this spell.
Unknown command.
You feel better.
The black mamba burns!
The black mamba bites you.
* * * LOW HITPOINT WARNING * * *
The black mamba bites you but does no damage.
Unknown command.
Casting: Fireball (mildly dangerous; 1% risk of failure)
Confirm with . or Enter, or press ? or * to list all spells.
Aiming: Fireball (mildly dangerous; 1% risk of failure)
Press: ? - help, Shift-Dir - straight line, f - hell rat
Aim: a hell rat (almost dead)
The fireball explodes!
The fireball engulfs the hell rat!
You kill the hell rat!
Makhleb accepts your kill.
The fireball engulfs the wyvern!!
You kill the wyvern!
Makhleb accepts your kill.
* * * LOW HITPOINT WARNING * * *
The black mamba burns!
The black mamba closely misses you. The black mamba barely misses you.
Unknown command.
Unknown command.
Unknown command.
You feel better.
The black mamba burns!
The black mamba completely misses you.
Casting: Fireball (mildly dangerous; 1% risk of failure)
Confirm with . or Enter, or press ? or * to list all spells.
Aiming: Fireball (mildly dangerous; 1% risk of failure)
Press: ? - help, Shift-Dir - straight line, f - you
Okay, then.
Casting: Fireball (mildly dangerous; 1% risk of failure)
Confirm with . or Enter, or press ? or * to list all spells.
You conjure some foxfire!
* * * LOW HITPOINT WARNING * * *
The black mamba burns!
The black mamba bites you!
You die...

...............
................
................
................
.................
..................
......Sv...........
.$.....@............
.......v.............
.....................
.....................
..........†☼.........
..........§..........
..........§.☼........
........r°°..§§...(..
.............†....$.


You could see a black mamba (burning, ally target) and a hell rat.

Vanquished Creatures
  A minotaur (Lair:3)
  Fannar (D:10)
  Harold (Lair:2)
  2 hydras (Lair:2)
  2 death yaks (Lair:3)
  Nergalle (D:10)
  A lindwurm (Lair:5)
  2 bog bodies (Lair:4)
  2 oklob plants
  15 elephants
  6 black mambas
  6 torpor snails
  11 cane toads
  An unseen horror (D:10)
  2 rime drakes
  2 komodo dragons
  The ghost of oc3rt the Bolt Thrower, a novice KoHu (D:5)
  A queen bee (Lair:5)
  A polar bear (Lair:5)
  3 meliai (Lair:5)
  2 dream sheep (Lair:3)
  10 blink frogs
  3 redbacks (Lair:2)
  6 wyverns
  42 yaks
  Eustachio (D:5)
  Grum (D:10)
  4 steam dragons
  4 vampire mosquitoes (D:8)
  6 water moccasins
  A black bear (D:5)
  A sky beast (D:7)
  2 ogres
  A necrophage (D:5)
  2 ice beasts
  21 wolves
  7 centaurs
  A phantom (D:4)
  4 kobold brigands
  12 bullfrogs
  A wyvern zombie (D:6)
  A scorpion (D:5)
  A water moccasin skeleton (D:5)
  27 killer bees
  5 wights
  A howler monkey (D:4)
  4 electric eels
  2 crimson imps
  3 bullfrog zombies
  4 centaur zombies
  9 jellies
  A centaur skeleton (D:5)
  4 hounds
  2 orc priests (D:8)
  2 bullfrog skeletons (D:5)
  5 orc wizards
  13 hell rats
  A hound skeleton (D:4)
  2 howler monkey zombies
  7 gnolls
  10 adders
  3 white imps
  An adder skeleton (D:4)
  2 worms (D:2)
  3 dart slugs
  20 orcs
  6 endoplasms
  4 giant cockroaches
  5 goblins
  10 hobgoblins
  3 iguanas
  3 jackals (D:5)
  2 quokkas
  12 ball pythons
  10 bats
  5 frilled lizards
  28 kobolds
  2 rats
  7 bushes (Lair:1)
424 creatures vanquished.

Vanquished Creatures (others)
  406 foxfires
  21 fungi
  47 plants
474 creatures vanquished.

Grand Total: 898 creatures vanquished

Notes
Turn   | Place    | Note
-------+----------+-------------------------------------------
     0 | D:1      | dickylongcocking the Djinni Fire Elementalist began the
                  | quest for the Orb.
     0 | D:1      | Reached XP level 1. HP: 15/15 MP: 0/0
   200 | D:1      | Reached XP level 2. HP: 14/21 MP: 0/0
   926 | D:1      | Found a faded altar of an unknown god.
   934 | D:1      | Reached XP level 3. HP: 20/25 MP: 0/0
   934 | D:1      | Learned a level 1 spell: Sandblast
  2194 | D:2      | Reached XP level 4. HP: 12/31 MP: 0/0
  2563 | D:2      | Found a burning altar of Makhleb.
  2573 | D:2      | Became a worshipper of Makhleb the Destroyer
  3358 | D:3      | Reached XP level 5. HP: 14/36 MP: 0/0
  3358 | D:3      | Learned a level 2 spell: Wereblood
  3718 | D:3      | Reached skill level 1 in Fighting
  3786 | D:3      | Found a shimmering altar of Xom.
  3844 | D:3      | Found a stormy altar of Qazlal.
  4028 | D:3      | Reached * piety under Makhleb
  4103 | D:3      | Found a basalt altar of Yredelemnul.
  4524 | D:3      | Reached XP level 6. HP: 31/43 MP: 0/0
  4716 | D:4      | Found a shadowy altar of Dithmenos.
  4738 | D:4      | Reached skill level 2 in Fighting
  5004 | D:4      | Reached skill level 3 in Fighting
  5242 | D:4      | Reached XP level 7. HP: 23/50 MP: 0/0
  5242 | D:4      | Learned a level 3 spell: Frozen Ramparts
  5757 | D:5      | Entered Level 5 of the Dungeon
  6084 | D:5      | Reached skill level 4 in Fighting
  6084 | D:5      | Reached skill level 5 in Spellcasting
  6168 | D:5      | Found a runed translucent gate.
  6169 | D:5      | Found a runed translucent gate.
  6169 | D:5      | Found a runed translucent gate.
  6171 | D:5      | Noticed oc3rt's ghost (novice KoHu)
  6346 | D:5      | Reached XP level 8. HP: 49/58 MP: 0/0
  6356 | D:5      | Reached skill level 5 in Fighting
  6742 | D:5      | Found a burning altar of Makhleb.
  7383 | D:5      | Identified the +7 flail of Inolat {venom, *Noise rCorr
                  | Str+5 Dex+4}
  7424 | D:5      | Reached ** piety under Makhleb
  7485 | D:5      | Noticed Eustachio
  7494 | D:5      | Killed Eustachio
  7495 | D:5      | Reached skill level 6 in Fighting
  7540 | D:5      | Found an opulent altar of Gozag.
  7558 | D:5      | Killed oc3rt's ghost
  7559 | D:5      | Reached XP level 9. HP: 59/67 MP: 0/0
  7559 | D:5      | Learned a level 3 spell: Lesser Beckoning
  7885 | D:6      | Reached skill level 7 in Fighting
  9114 | D:7      | Reached skill level 8 in Fighting
  9411 | D:7      | Found a sparkling altar of Nemelex Xobeh.
  9996 | D:7      | Reached XP level 10. HP: 46/77 MP: 0/0
 10386 | D:7      | Reached skill level 9 in Fighting
 11286 | D:8      | Reached *** piety under Makhleb
 11930 | D:8      | Found a hide-covered altar of Uskayaw.
 11997 | D:8      | Found an ornate altar of the Wu Jian Council.
 12277 | D:8      | Found an iron altar of Okawaru.
 12798 | D:9      | Found a snail-covered altar of Cheibriados.
 12798 | D:9      | Found a glowing silver altar of Zin.
 12819 | D:9      | Reached skill level 10 in Fighting
 13574 | D:10     | Entered Level 10 of the Dungeon
 13582 | D:10     | Noticed Grum
 13584 | D:10     | Noticed an unseen horror
 13591 | D:10     | Killed an unseen horror
 13592 | D:10     | Reached XP level 11. HP: 15/86 MP: 0/0
 13592 | D:10     | Learned a level 5 spell: Iskenderun's Battlesphere
 14183 | D:10     | Noticed Nergalle
 14760 | D:10     | Killed Grum
 15130 | D:10     | Noticed an oklob plant
 15243 | D:10     | Killed an oklob plant
 15244 | D:10     | Reached skill level 11 in Fighting
 15304 | D:10     | Found a staircase to the Lair.
 15422 | D:10     | Noticed Fannar
 15427 | D:10     | Killed Fannar
 15690 | D:10     | Killed Nergalle
 16068 | Lair:1   | Entered Level 1 of the Lair of Beasts
 16169 | Lair:1   | Reached skill level 10 in Spellcasting
 16795 | Lair:1   | Found a snail-covered altar of Cheibriados.
 16806 | Lair:1   | Reached skill level 12 in Fighting
 17160 | Lair:1   | Noticed an oklob plant
 17178 | Lair:1   | Reached XP level 12. HP: 51/95 MP: 0/0
 17575 | Lair:1   | Found the necklace of Bloodlust {*Rage +Rage Will++ Int-3
                  | Slay+6}
 18404 | Lair:2   | Reached **** piety under Makhleb
 18820 | Lair:2   | Noticed a four-headed hydra
 18826 | Lair:2   | Killed a four-headed hydra
 19056 | Lair:2   | Found a hole to the Spider Nest.
 19067 | Lair:2   | Noticed Harold
 19099 | Lair:2   | Killed Harold
 19100 | Lair:2   | Reached skill level 13 in Fighting
 19103 | Lair:2   | Noticed a five-headed hydra
 19109 | Lair:2   | Killed a five-headed hydra
 19961 | Lair:2   | Reached XP level 13. HP: 91/103 MP: 0/0
 19961 | Lair:2   | Learned a level 5 spell: Manifold Assault
 20779 | Lair:3   | Reached skill level 5 in Dodging
 21347 | Lair:3   | Reached skill level 14 in Fighting
 21469 | Lair:3   | Found a runed translucent gate.
 21469 | Lair:3   | Found a runed translucent gate.
 21469 | Lair:3   | Found a runed translucent gate.
 21483 | Lair:3   | Noticed a minotaur
 21486 | Lair:3   | Noticed jasper's ghost (journeyman DjWz)
 22756 | Lair:3   | Killed a minotaur
 23324 | Lair:4   | Found a staircase to the Swamp.
 23358 | Lair:4   | Reached skill level 1 in Evocations
 23945 | Lair:4   | Reached XP level 14. HP: 63/112 MP: 0/0
 24309 | Lair:4   | Reached ***** piety under Makhleb
 24649 | Lair:4   | Identified the +7 rapier of Valiance {protect, rPois rF++
                  | Will- Str+2}
 25250 | Lair:5   | Found a staircase to the Slime Pits.
 26200 | Lair:5   | Identified the +5 tower shield of the Gloaming {rF+}
 26509 | Lair:6   | Entered Level 6 of the Lair of Beasts
 26544 | Lair:6   | Slain by a black mamba

Illustrated notes

Levels and vault maps discovered:
D:1:      dpeg_arrival_boxorama, layout_rooms, basic_ecumenical_altar
D:2:      layout_loops_corners, basic_altar, minmay_tromino_v2
D:3:      layout_basic, dk_xom_monty_hall, general_overflow_altar,
          nicolae_overflow_crystal_walls, grunt_ministairs_6
D:4:      layout_loops_ring, grunt_dithmenos_smoke_and_mirrors
D:5:      corexii_shack_village, layout_loops_ring,
          grunt_temple_overflow_lords_of_destruction,
          nicolae_overflow_hidden_temple, gammafunk_ghost_necromancy,
          wad_floor_pattern_1, columned_hall_lemuel, minmay_chambers_of_fives,
          uniq_eustachio
D:6:      layout_cave_pools
D:7:      layout_basic, lemuel_crystal_altar, kennysheep_mini_moat,
          minmay_temple_entry_from_below_a, minmay_misc_feat_secret_circle,
          minmay_fire_ice_demons
D:8:      layout_gridville, overflow_temple_1_default,
          nicolae_wu_jian_immortal_techniques, eat_drink_and_be_merry_uskayaw
D:9:      layout_roguey, kiku_gazebo_pond_becter,
          gammafunk_temple_overflow_wave, serial_curves, eino_curves_03,
          eino_curves_01, eino_curves_02, eino_curves_03, lemuel_another_geyser
D:10:     layout_rooms, dpeg_oklobed_lair, uniq_nergalle, uniq_fannar, uniq_grum
Lair:1:   layout_cave_pods, minmay_holes, minmay_lair_oklob_bushes,
          kennysheep_snail_temple, serial_bayou_shore_a
Lair:2:   layout_hall_layers, spider_nest_entry_webs, uniq_harold
Lair:3:   layout_roguey, maelrawn_ghost_gauntlet_escape
Lair:4:   layout_gridlike, skrybe_swamp_entry_bodies, infiniplex_staircase_pool
Lair:5:   layout_cave_pods, nicolae_slime_entry_slimehenge, special_room
          [special_room_bee]
Lair:6:   grunt_lair_end_beastmaster, layout_cave_shapes,
          grunt_forest_stairs_basic, serial_bayou_shore_b, grunt_megastairs_5

Skill      XL: |  1  2  3  4  5  6  7  8  9 10 11 12 13 14 |
---------------+-------------------------------------------+-----
Spellcasting   | 3 4 5 6 7 9 10 11 12 | 12.5
Stealth        | 2 |  2.3
Fighting       | 1 3 4 6 8 10 12 13 14 | 14.9
Dodging        | 4 7 8 |  8.8
Evocations     | 2 4 |  4.4
Polearms       | |  0.1

Action                   |  1- 3 |  4- 6 |  7- 9 | 10-12 | 13-15 || total
-------------------------+-------+-------+-------+-------+-------++-------
Melee: Unarmed           |     8 |     1 |       |       |       ||     9
       Spear             |       |    42 |     5 |       |       ||    47
       Flail             |       |       |    26 |    48 |    13 ||    87
       Falchion          |       |       |    12 |       |       ||    12
       Staff             |       |       |       |       |     1 ||     1
 Cast: Foxfire           |   100 |   102 |    38 |    26 |     1 ||   267
       Inner Flame       |       |     4 |    16 |    20 |    37 ||    77
       Conjure Flame     |       |     5 |     1 |       |       ||     6
       Sticky Flame      |       |       |    27 |    67 |    59 ||   153
       Frozen Ramparts   |       |       |    10 |     3 |     3 ||    16
       Sandblast         |       |       |    10 |     6 |       ||    16
       Lesser Beckoning  |       |       |     1 |     1 |       ||     2
       Wereblood         |       |       |     1 |       |       ||     1
       Fireball          |       |       |       |   100 |   106 ||   206
       Iskenderun's Batt |       |       |       |     6 |     4 ||    10
Evoke: Wand              |       |       |       |     3 |       ||     3
       Box of beasts     |       |       |       |       |     1 ||     1
  Use: Scroll            |       |       |       |    18 |     1 ||    19
       Potion            |       |       |       |     4 |     4 ||     8
 Stab: Sleeping          |       |     2 |       |       |       ||     2
Armor: Robe              |     4 |    16 |    20 |    24 |    13 ||    77
       Skin              |       |       |       |    16 |       ||    16
Dodge: Dodged            |    18 |    49 |   114 |   152 |   103 ||   436
       Rpst.: Falchion   |       |       |    11 |       |       ||    11

Table legend: (Time is in decaauts)
 A = Elapsed time spent in this place.
 B = Non-inter-level travel time spent in this place.
 C = Inter-level travel time spent in this place.
 D = Time resting spent in this place.
 E = Time spent auto-exploring this place.
 F = Levels seen in this place.
 G = Mean time per level.
                   A        B        C        D        E       F      G
               +--------+--------+--------+--------+--------+-----+--------+
         Total |  26677 |  25763 |    914 |   6187 |  17048 |  16 | 1667.3 |
       Dungeon |  16106 |  15471 |    635 |   3425 |  10584 |  10 | 1610.6 |
          Lair |  10571 |  10293 |    278 |   2762 |   6464 |   6 | 1761.8 |
               +--------+--------+--------+--------+--------+-----+--------+

Top non-repeatable levels by time:
  Lair:1: 2900 daAuts
  Lair:3: 2740 daAuts
     D:9: 2467 daAuts
     D:5: 2365 daAuts
     D:7: 2214 daAuts
     D:2: 1805 daAuts
  Lair:4: 1692 daAuts
  Lair:2: 1687 daAuts
     D:3: 1577 daAuts
  Lair:5: 1514 daAuts
     D:1: 1334 daAuts
     D:8: 1221 daAuts
    D:10: 1085 daAuts
     D:4: 1042 daAuts
     D:6: 993 daAuts
